 Dungeon Crawl Stone Soup version 0.20-a0-915-gb278767 (webtiles) character file.

742 Rrauwl the Skirmisher (level 8, 0/62 HPs)
             Began as a Formicid Abyssal Knight on Mar 24, 2017.
             Was a Priest of Lugonu.
             Slain by an orc
             ... wielding a +0 flail
              (6 damage)
             ... on level 5 of the Dungeon on Mar 25, 2017.
             The game lasted 00:25:17 (4647 turns).

Rrauwl the Skirmisher (Formicid Abyssal Knight)     Turns: 4647, Time: 00:25:17

Health: 0/62       AC:  7    Str: 18 (19) XL:     8   Next: 5%
Magic:  9/9        EV: 11    Int: 16 (17) God:    Lugonu [***...]
Gold:   246        SH:  4    Dex:  9 (10) Spells: 7/7 levels left

rFire    . . .     SeeInvis +   b - +3 scythe (slice)
rCold    + . .     Gourm    .   a - +0 buckler
rNeg     . . .     Faith    .   e - +2 ring mail {rC+}
rPois    .         Spirit   .   (helmet unavailable)
rElec    .         Reflect  .   (no cloak)
rCorr    .         Harm     .   (no gloves)
MR       .....                  (no boots)
Stlth    ..........             (no amulet)
Regen    0.2/turn               (no ring)
MPRegen  0.2/turn               f - +5 ring of intelligence

@: no status effects
A: permanent stasis, dig shafts and tunnels, four strong arms, antennae 3
a: Dig, Shaft Self, Depart the Abyss, Bend Space, Banish, Renounce Religion


You were on level 5 of the Dungeon.
You worshipped Lugonu.
Lugonu was most pleased with you.
You were not hungry.

You visited 1 branch of the dungeon, and saw 5 of its levels.
You visited the Abyss 1 time.

You collected 246 gold pieces.

Inventory:

Hand Weapons
 b - a +3 scythe of slicing (weapon)
 h - a +1 spear of distortion
Missiles
 o - 7 tomahawks of returning (quivered)
Armour
 a - a +0 buckler (worn)
 e - a +2 ring mail of cold resistance (worn)
Jewellery
 f - a +5 ring of intelligence (right hand)
Wands
 j - a wand of lightning (7/15)
 l - a wand of confusion (23/48)
Scrolls
 d - 4 scrolls of identify
 k - a scroll of recharging
 n - 2 scrolls of remove curse
Potions
 m - a potion of curing
Comestibles
 c - 4 bread rations
 g - a meat ration
 i - a royal jelly
 p - 2 fruits
 q - 5 chunks of flesh


   Skills:
 - Level 5.1 Fighting
 + Level 5.0 Polearms
 - Level 4.1 Armour
 - Level 3.0 Dodging
 + Level 3.6 Shields
 - Level 2.2 Invocations


You had 7 spell levels left.
You didn't know any spells.

Dungeon Overview and Level Annotations

Branches:
Dungeon (5/15)
 Temple: D:4-7

Altars:


Innate Abilities, Weirdness & Mutations

You cannot be hasted, slowed, berserked, paralysed or teleported.
You can dig through walls and to a lower floor.
Your four strong arms can wield two-handed weapons with a shield.
You have a pair of large antennae on your head. (SInv)


Message History

The orc hits you with a flail. The orc wizard barely misses you.
The orc hits you with a short sword.
* * * LOW HITPOINT WARNING * * *
The orc hits you but does no damage. The orc wizard barely misses you.
The orc hits you with a short sword.
* * * LOW HITPOINT WARNING * * *
You barely miss the orc wizard.
The orc wizard is almost dead.
The orc wizard casts a spell at you. The puff of frost hits you! You resist.
* * * LOW HITPOINT WARNING * * *
The orc hits you with a flail.
* * * LOW HITPOINT WARNING * * *
The orc barely misses you.
You barely miss the orc wizard.
The orc wizard is almost dead.
The orc wizard hits you with a dagger.
* * * LOW HITPOINT WARNING * * *
The orc completely misses you. The orc hits you with a flail.
You die...

#..###.#.#
......#.#
....?...#
#.......#
#.......#
#.).....#
#.oo....#
#o@.....#
#..####...
#..# ########
#..###......#
#...##.####.#
#......##...#
#......##.###
#......##.#
#.#....##.#


You could see an orc wizard and 2 orcs.

Vanquished Creatures
  Sigmund (D:2)
  An ogre (D:3)
  A scorpion (D:4)
  A howler monkey (D:4)
  A crimson imp (D:5)
  A hound (D:4)
  2 orc wizards (D:4)
  Ijyb (D:3)
  An iguana (D:4)
  A worker ant (D:4)
  A hound zombie (D:5)
  4 gnolls
  3 adders
  An adder skeleton (D:4)
  3 worms (D:2)
  3 dart slugs
  7 leopard geckos
  4 orcs
  8 bats
  6 giant cockroaches
  10 goblins
  9 hobgoblins
  12 jackals
  2 quokkas (D:3)
  4 frilled lizards
  A jackal zombie (D:5)
  9 kobolds
  A leopard gecko skeleton (D:4)
  5 rats
104 creatures vanquished.

Vanquished Creatures (others)
  An adder (D:2)
  A bat (D:1)
2 creatures vanquished.

Grand Total: 106 creatures vanquished

Notes
Turn   | Place    | Note
-------+----------+-------------------------------------------
     0 | Abyss:1  | Rrauwl the Formicid Abyssal Knight began the quest for the Orb.
     0 | Abyss:1  | Reached XP level 1. HP: 18/18 MP: 2/2
    48 | Abyss:1  | Noticed a small abomination
    52 | Abyss:1  | Noticed a large abomination
    72 | D:1      | Escaped the Abyss
   148 | D:1      | Reached * piety under Lugonu
   224 | D:1      | Reached XP level 2. HP: 23/25 MP: 3/3
   375 | D:1      | Reached XP level 3. HP: 26/30 MP: 4/4
   432 | D:1      | Reached skill level 1 in Dodging
   869 | D:1      | Reached ** piety under Lugonu
  1027 | D:2      | Reached XP level 4. HP: 32/38 MP: 5/5
  1414 | D:2      | Noticed Sigmund
  1429 | D:2      | Killed Sigmund
  1429 | D:2      | Reached skill level 5 in Fighting
  1429 | D:2      | Reached XP level 5. HP: 23/44 MP: 6/6
  1429 | D:2      | Reached XP level 6. HP: 27/51 MP: 7/7
  2324 | D:3      | Noticed an ogre
  2667 | D:3      | Killed an ogre
  2667 | D:3      | Reached XP level 7. HP: 36/56 MP: 8/8
  2933 | D:3      | Noticed Ijyb
  2945 | D:3      | Killed Ijyb
  3962 | D:4      | Reached skill level 1 in Shields
  4426 | D:4      | Reached *** piety under Lugonu
  4529 | D:5      | Entered Level 5 of the Dungeon
  4583 | D:5      | Reached skill level 5 in Polearms
  4583 | D:5      | Reached XP level 8. HP: 62/62 MP: 9/9
  4585 | D:5      | Upgraded the game from 0.20-a0-910-gb611367 to 0.20-a0-915-gb278767
  4647 | D:5      | Slain by an orc

Vault maps used:
D:1:      lemuel_arrival_rhombus, serial_glass, glass_columns_b,
          glass_columns_a, glass_columns_b, feat_on_display
D:2:      uniq_sigmund
D:3:      first_bread, uniq_iyjb
D:5:      uniq_eustachio

Skill      XL: |  1  2  3  4  5  6  7 |
---------------+----------------------+-----
Fighting       | 4 5 |  5.1
Dodging        | 1 2 3 |  3.0
Polearms       | 3 5 |  5.0
Armour         | 3 4 |  4.1
Shields        | 3 |  3.6
Invocations    | |  2.2

Action                   |  1- 3 |  4- 6 |  7- 9 || total
-------------------------+-------+-------+-------++-------
Melee: Spear             |    90 |    53 |       ||   143
       Scythe            |       |    75 |   152 ||   227
Invok: Depart the Abyss  |     1 |       |       ||     1
Evoke: Wand              |       |       |     1 ||     1
  Use: Scroll            |     2 |     1 |     7 ||    10
       Potion            |       |     7 |     2 ||     9
 Stab: Sleeping          |       |     1 |       ||     1
  Eat: Chunk             |       |     5 |     5 ||    10
       Royal jelly       |       |       |     1 ||     1
       Fruit             |       |       |     1 ||     1
Armor: Leather armour    |    16 |     6 |       ||    22
       Ring mail         |       |    27 |    88 ||   115
Dodge: Dodged            |    38 |    64 |   113 ||   215
Block: Buckler           |       |       |    26 ||    26
